[Event "Najdorf Memorial-A 2022"]
[Site "Warsaw"]
[Date "2022.07.09"]
[Round "1.1"]
[White "Noe, Christopher"]
[Black "Kazmierowski, Tymon"]
[Result "1-0"]
[ECO "E12"]
[WhiteElo "2505"]
[BlackElo "1961"]
[Annotator "TA"]
[PlyCount "81"]
[EventDate "2022.07.09"]
[EventType "swiss"]
[EventCountry "POL"]
[SourceTitle "playchess.com"]
[Source "ChessBase"]
[SourceQuality "1"]
[TimeControl "40/5400+30:1800+30"]

1. d4 Nf6 2. c4 e6 3. Nf3 b6 4. Bf4 Bb7 5. e3 Bb4+ 6. Nfd2 O-O 7. a3 Bxd2+ {[%emt 0:01:11] E12: Queen's Indian: Unusual White 4th moves, 4 a3, 4 Nc3 Bb7 5 a3 and 4 Nc3 Bb7 .} 8. Nxd2 d6 9. Be2 Nbd7 ({Black should try} 9... Bxg2 $11 10. Rg1 Bc6) 10. O-O $14 {[%emt 0:03:52] [#]} e5 $146 ({Predecessor:} 10... a5 11. Re1 a4 12. Bd3 Ra5 13. e4 e5 14. Be3 Re8 15. d5 Nc5 16. Bc2 Nfd7 {1-0 (35) Babula,V (2540)-Hjartarson,J (2545) Baku 2016}) 11. Bg5 exd4 12. exd4 h6 13. Bh4 Re8 14. Bd3 Qe7 15. Nb1 c5 16. d5 Ne5 17. Nc3 Nxd3 18. Qxd3 Rad8 19. f4 Qe3+ 20. Qxe3 Rxe3 21. Bxf6 gxf6 22. Rae1 Rxe1 23. Rxe1 $16 {[%emt 0:00:02][%mdl 4096] Endgame KRB-KRN} Kf8 {[%emt 0:00:17] Prevents Re7.} 24. Ne4 {[%emt 0:04:06] White is more active.} (24. g4 $16) 24... f5 $14 {[%emt 0:02:47] White must now prevent ...Re8.} 25. Nc3 a6 (25... Re8 $2 26. Rxe8+ Kxe8 27. Nb5 $18) 26. Rb1 b5 27. b4 cxb4 28. Rxb4 Rc8 29. Kf2 Kg7 (29... Rc7 $14) 30. Ke3 $16 Kg6 ({Weaker is} 30... Rxc4 31. Rxc4 bxc4 32. Kd4) (30... Kf8 $16 {keeps fighting.}) 31. a4 (31. Kd3 $1 $18) 31... a5 (31... Rxc4 $16 32. Rxc4 bxc4) 32. Rxb5 $18 Rxc4 {[%emt 0:00:04] [#]} 33. Kd3 ({And not} 33. Rxb7 Rxc3+ 34. Kd2 Rc4 $11) 33... Rb4 34. Rxa5 Rxf4 35. Ra7 Rb4 36. a5 {[%emt 0:01:56][%cal Ba4a5,Ba5a6,Ba6a7][%mdl 32] a6 is the strong threat.} f4 $2 (36... Bc8 37. Ra8 (37. a6 Rb6 $14) 37... Bb7) 37. a6 {[%emt 0:00:04] White is clearly winning.} Bc8 {[%emt 0:00:02] [#]} 38. Ra8 $1 Bf5+ 39. Kd2 {[%emt 0:01:58] Hoping for a7.} Rd4+ 40. Ke1 Rd3 {[%emt 0:00:00] [#]} 41. a7 $1 {[%emt 0:02:10] Weighted Error Value: White=0.09 (flawless) /Black=0.35} 1-0

[Event "Najdorf Memorial-A 2022"]
[Site "Warsaw"]
[Date "2022.07.09"]
[Round "1.1"]
[White "Kaminski, Jan"]
[Black "Hackner, Oskar A"]
[Result "1-0"]
[ECO "C01"]
[WhiteElo "1870"]
[BlackElo "2178"]
[Annotator "RC"]
[PlyCount "153"]
[EventDate "2022.07.09"]
[EventType "swiss"]
[EventCountry "POL"]
[SourceTitle "playchess.com"]
[Source "ChessBase"]
[SourceQuality "1"]
[TimeControl "40/5400+30:1800+30"]

1. e4 e6 2. d4 d5 3. exd5 exd5 4. c4 Nf6 5. Nc3 Bb4 6. Bd3 O-O 7. Nge2 Be6 8. cxd5 Nxd5 9. O-O Nc6 10. Ne4 h6 11. a3 Be7 12. b4 f5 13. Nc5 Bxc5 14. dxc5 f4 15. Bb2 Qg5 16. Qc1 Bg4 17. f3 Bh3 18. Rf2 Ne3 19. g3 Rae8 20. Be4 h5 21. Nxf4 Rxf4 22. Qxe3 Ref8 23. Kh1 Rg4 24. Qxg5 Rxg5 25. f4 h4 26. gxh4 Rg4 27. Bxc6 bxc6 28. Be5 Rf7 29. Rd2 Rxh4 30. Rg1 Be6 31. Rg3 Bd5+ 32. Kg1 a6 33. Rdd3 Kf8 34. Rh3 Rxh3 35. Rxh3 Kg8 36. Kf2 Rd7 37. Rd3 Kf7 38. Rg3 Kf8 39. Rd3 Kf7 40. f5 Re7 41. Re3 Ba2 42. Kg3 Bb1 43. Kf4 Kf8 44. Rg3 Rf7 45. Rg5 Bc2 46. h4 Bd3 47. Rh5 Kg8 48. Rg5 Kf8 49. Ke3 Bb1 50. Kf4 Bc2 51. h5 Bb1 52. Bb2 Bc2 53. Be5 Bb1 54. Bc3 Bc2 55. f6 gxf6 56. Rg2 Bh7 57. h6 Ke7 58. Re2+ Kd7 59. Re3 Bc2 60. Rg3 Bh7 61. Rg2 Ke6 62. Rd2 Ke7 63. a4 Bg6 64. Re2+ Kf8 65. Re6 Bc2 66. Rxc6 Bxa4 67. Rxa6 Bb5 68. Rxf6 Rxf6+ 69. Bxf6 Kg8 70. c6 Bxc6 71. Be5 Kh7 72. Kg5 Bb5 73. Bxc7 Bd3 74. Bf4 Kg8 75. Kf6 Kf8 76. Bd6+ Kg8 77. Ke7 1-0

[Event "Najdorf Memorial-A 2022"]
[Site "Warsaw"]
[Date "2022.07.09"]
[Round "1.2"]
[White "Kaczmarek, Arkadiusz"]
[Black "Zelak, Wladyslaw"]
[Result "1-0"]
[ECO "D37"]
[WhiteElo "2147"]
[BlackElo "1866"]
[Annotator "RC"]
[PlyCount "71"]
[EventDate "2022.07.09"]
[EventType "swiss"]
[EventCountry "POL"]
[SourceTitle "playchess.com"]
[Source "ChessBase"]
[SourceQuality "1"]
[TimeControl "40/5400+30:1800+30"]

1. d4 Nf6 2. c4 e6 3. Nf3 d5 4. Nc3 Be7 5. Bf4 O-O 6. e3 c5 7. dxc5 Bxc5 8. Qc2 Qe7 9. O-O-O dxc4 10. Bxc4 Bd7 11. Kb1 Nc6 12. Ng5 Rac8 13. Nce4 Nxe4 14. Nxe4 Nb4 15. Qe2 Bc6 16. Nc3 Rfd8 17. Qg4 Nd5 18. Be5 f6 19. Bxd5 Bxd5 20. Nxd5 exd5 21. Bd4 Bxd4 22. Rxd4 Rc5 23. Rhd1 Qc7 24. h4 Rc8 25. Qe6+ Kf8 26. a3 Rc1+ 27. Rxc1 Qxc1+ 28. Ka2 Rc2 29. Qd6+ Ke8 30. Qb8+ Kf7 31. Qxb7+ Kg6 32. Rg4+ Kh5 33. f3 Qxe3 34. Qf7+ g6 35. Qxh7+ Qh6 36. Rg5+ 1-0

[Event "Najdorf Memorial-A 2022"]
[Site "Warsaw"]
[Date "2022.07.09"]
[Round "1.2"]
[White "Kutowski, Marcel"]
[Black "Jarmula, Lukasz"]
[Result "0-1"]
[ECO "B15"]
[WhiteElo "1961"]
[BlackElo "2452"]
[Annotator "RC"]
[PlyCount "56"]
[EventDate "2022.07.09"]
[EventType "swiss"]
[EventCountry "POL"]
[SourceTitle "playchess.com"]
[Source "ChessBase"]
[SourceQuality "1"]
[TimeControl "40/5400+30:1800+30"]

1. e4 c6 2. d4 d5 3. Nc3 dxe4 4. Nxe4 Nf6 5. Nxf6+ exf6 6. c3 Bd6 7. Bd3 O-O 8. Ne2 Re8 9. O-O Qc7 10. h3 Nd7 11. Qc2 Nf8 12. c4 Ng6 13. Be3 Be6 14. Rad1 Rad8 15. Nc3 Qc8 16. Ne4 Bb8 17. f4 Bxh3 18. gxh3 f5 19. Nf6+ gxf6 20. Bxf5 Qc7 21. Qf2 Qa5 22. Bc2 Qh5 23. f5 Qxh3 24. Rd3 Re4 25. Bf4 Nxf4 26. Rg3+ Kh8 27. Bxe4 Qxg3+ 28. Qxg3 Ne2+ 0-1

[Event "Najdorf Memorial-A 2022"]
[Site "Warsaw"]
[Date "2022.07.09"]
[Round "1.3"]
[White "Pacan-Milej, Kosma"]
[Black "Jedrusik, Adam"]
[Result "1-0"]
[ECO "D10"]
[WhiteElo "2412"]
[BlackElo "1960"]
[Annotator "RC"]
[PlyCount "65"]
[EventDate "2022.07.09"]
[EventType "swiss"]
[EventCountry "POL"]
[SourceTitle "playchess.com"]
[Source "ChessBase"]
[SourceQuality "1"]
[TimeControl "40/5400+30:1800+30"]

1. d4 d5 2. c4 c6 3. Nc3 Nf6 4. e3 a6 5. Nf3 Bf5 6. Be2 e6 7. O-O Bd6 8. Nh4 Be4 9. g3 Nbd7 10. b3 Qe7 11. Bb2 g5 12. Nf3 h6 13. Nxe4 Nxe4 14. Bd3 f5 15. Ne5 Bxe5 16. dxe5 g4 17. cxd5 cxd5 18. Rc1 Ng5 19. Be2 Qd8 20. Qc2 h5 21. Qc7 h4 22. Qd6 hxg3 23. fxg3 Nb8 24. Rc7 Rh7 25. Rxh7 Qxd6 26. Rh8+ Qf8 27. Rxf8+ Kxf8 28. Bxg4 Ke7 29. Be2 Nc6 30. g4 Rg8 31. gxf5 Nh3+ 32. Kh1 exf5 33. Bd3 1-0

[Event "Najdorf Memorial-A 2022"]
[Site "Warsaw"]
[Date "2022.07.09"]
[Round "1.3"]
[White "Spicak, Krzysztof"]
[Black "Adamski, Jan"]
[Result "1-0"]
[ECO "B20"]
[WhiteElo "1858"]
[BlackElo "2136"]
[Annotator "RC"]
[PlyCount "78"]
[EventDate "2022.07.09"]
[EventType "swiss"]
[EventCountry "POL"]
[SourceTitle "playchess.com"]
[Source "ChessBase"]
[SourceQuality "1"]
[TimeControl "40/5400+30:1800+30"]

1. e4 c5 2. b3 d5 3. e5 Nc6 4. Bb2 Bf5 5. Bb5 Rc8 6. Ne2 e6 7. Ng3 Nge7 8. Nxf5 Nxf5 9. O-O Be7 10. Bd3 O-O 11. Bxf5 exf5 12. f4 Qd7 13. d3 f6 14. exf6 Bxf6 15. Bxf6 Rxf6 16. Nd2 Qd6 17. g3 Re6 18. Re1 Rce8 19. Nf3 Rxe1+ 20. Nxe1 Qe6 21. Kf1 h6 22. Qd2 Qf6 23. Rd1 Nd4 24. Qg2 Qf7 25. Rd2 Qe6 26. Qf2 b6 27. a4 Kf7 28. Ng2 a6 29. h3 b5 30. axb5 axb5 31. b4 Qb6 32. c3 Ne6 33. Re2 d4 34. bxc5 Qxc5 35. cxd4 Nxd4 36. Rxe8 Kxe8 37. Qe3+ Kd7 38. Nh4 Qd5 39. Kf2 Qa2+ 1-0

[Event "Najdorf Memorial-A 2022"]
[Site "Warsaw"]
[Date "2022.07.09"]
[Round "1.4"]
[White "Musial, Tomasz"]
[Black "Hemmerling, Jaroslaw"]
[Result "1-0"]
[ECO "D30"]
[WhiteElo "2131"]
[BlackElo "1854"]
[Annotator "NA COMBH"]
[PlyCount "67"]
[EventDate "2022.07.09"]
[EventType "swiss"]
[EventCountry "POL"]
[SourceTitle "playchess.com"]
[Source "ChessBase"]
[SourceQuality "1"]
[TimeControl "40/5400+30:1800+30"]

1. d4 d5 2. c4 e6 3. Nf3 Nf6 4. g3 Bb4+ 5. Nbd2 O-O 6. Bg2 c6 7. O-O Be7 8. Qc2 Nbd7 9. e4 dxe4 10. Nxe4 Nxe4 11. Qxe4 c5 12. Rd1 cxd4 13. Nxd4 Qb6 14. Be3 Qxb2 15. Rab1 Qa3 16. Nb5 Qa5 17. Bd2 Qb6 18. Bf4 Qc5 19. Be3 Qe5 20. Qxe5 Nxe5 21. Nc7 Rb8 22. Bxa7 Nd7 23. Bxb8 Nxb8 24. Bxb7 Bxb7 25. Rxb7 Bf6 26. Rdb1 Nc6 27. R7b6 Ne5 28. c5 Nd3 29. c6 Bd4 30. Rb8 Nxf2 31. Rxf8+ Kxf8 32. Rb8+ Ke7 33. Re8+ Kf6 34. Nb5 1-0

[Event "Najdorf Memorial-A 2022"]
[Site "Warsaw"]
[Date "2022.07.09"]
[Round "1.4"]
[White "Vanduyfhuys, Igor"]
[Black "Romanishin, Oleg M"]
[Result "0-1"]
[ECO "C55"]
[WhiteElo "1959"]
[BlackElo "2404"]
[Annotator "RC"]
[PlyCount "58"]
[EventDate "2022.07.09"]
[EventType "swiss"]
[EventCountry "POL"]
[SourceTitle "playchess.com"]
[Source "ChessBase"]
[SourceQuality "1"]
[TimeControl "40/5400+30:1800+30"]

1. e4 e5 2. Nf3 Nc6 3. Bc4 Nf6 4. d3 Be7 5. c3 O-O 6. Nbd2 d6 7. Bb3 a5 8. Nf1 b5 9. Ng3 a4 10. Bc2 d5 11. Qe2 d4 12. O-O dxc3 13. bxc3 b4 14. Bd2 Be6 15. cxb4 Nxb4 16. Bc3 Nxa2 17. Bxe5 Nd7 18. Nd4 Bg4 19. Qxg4 Nxe5 20. Qh5 Nb4 21. Qxe5 Bf6 22. Qb5 Qxd4 23. Rxa4 Rab8 24. Qa5 c6 25. Rb1 c5 26. Bd1 Qxd3 27. Rc1 Qd2 28. Rb1 Qe1+ 29. Nf1 Bd4 0-1

[Event "Najdorf Memorial-A 2022"]
[Site "Warsaw"]
[Date "2022.07.09"]
[Round "1.5"]
[White "Golubka, Petro"]
[Black "Iwanczuk, Krzysztof"]
[Result "1-0"]
[ECO "B20"]
[WhiteElo "2378"]
[BlackElo "1947"]
[Annotator "RC"]
[PlyCount "85"]
[EventDate "2022.07.09"]
[EventType "swiss"]
[EventCountry "POL"]
[SourceTitle "playchess.com"]
[Source "ChessBase"]
[SourceQuality "1"]
[TimeControl "40/5400+30:1800+30"]

1. e4 c5 2. a3 g6 3. Nf3 Bg7 4. d4 cxd4 5. Nxd4 Nf6 6. Nc3 d6 7. Bd3 Nc6 8. Nde2 O-O 9. O-O d5 10. exd5 Nxd5 11. Bd2 e5 12. Re1 h6 13. Nxd5 Qxd5 14. Nc3 Qd8 15. Be3 Be6 16. Qd2 Kh7 17. Rad1 f5 18. f3 Qf6 19. Qe2 Rac8 20. Nb5 b6 21. Nd6 Rcd8 22. Bb5 Ne7 23. c4 Bg8 24. Nb7 Rb8 25. Ba6 Qc6 26. Rd6 Qc7 27. Red1 Bxc4 28. Bxc4 Rxb7 29. Ba6 Nc8 30. R6d2 Rb8 31. Rd7 Qc6 32. Bb5 Qf6 33. f4 Rf7 34. fxe5 Qe6 35. Qc4 Rxd7 36. Rxd7 Qxc4 37. Bxc4 b5 38. Bb3 g5 39. Bd4 Nb6 40. Rxa7 Kh8 41. Kf1 Nc4 42. Bxc4 bxc4 43. Rc7 1-0

[Event "Najdorf Memorial-A 2022"]
[Site "Warsaw"]
[Date "2022.07.09"]
[Round "1.5"]
[White "Gasiorek, Dariusz"]
[Black "Dalkowski, Rafal"]
[Result "1-0"]
[ECO "A59"]
[WhiteElo "1854"]
[BlackElo "2120"]
[Annotator "RC"]
[PlyCount "97"]
[EventDate "2022.07.09"]
[EventType "swiss"]
[EventCountry "POL"]
[SourceTitle "playchess.com"]
[Source "ChessBase"]
[SourceQuality "1"]
[TimeControl "40/5400+30:1800+30"]

1. d4 Nf6 2. c4 c5 3. d5 b5 4. cxb5 a6 5. bxa6 Bxa6 6. Nc3 d6 7. e4 Bxf1 8. Kxf1 g6 9. g3 Bg7 10. Kg2 O-O 11. Nge2 Nbd7 12. Rb1 Qa5 13. b3 Rfb8 14. Bd2 Qa6 15. a4 Qd3 16. Bf4 Qxd1 17. Rhxd1 Rb4 18. f3 c4 19. bxc4 Rxc4 20. Rb7 Kf8 21. Rdb1 Rcc8 22. Be3 Nc5 23. Bxc5 Rxc5 24. Rb8+ Rc8 25. Rxa8 Rxa8 26. Rb4 Nd7 27. Nd4 Nc5 28. Ndb5 e6 29. dxe6 fxe6 30. Rc4 Ke7 31. Kf2 h5 32. Ke3 h4 33. f4 g5 34. e5 hxg3 35. hxg3 gxf4+ 36. gxf4 Kd7 37. Nxd6 Na6 38. Ncb5 Bf8 39. Kd4 Bxd6 40. Nxd6 Nc7 41. Nb7 Rf8 42. Ke4 Ra8 43. Nc5+ Ke7 44. Rd4 Ke8 45. Rd6 Ra5 46. Rc6 Ra7 47. a5 Rxa5 48. Rxc7 Rb5 49. Rc6 1-0

[Event "Najdorf Memorial-A 2022"]
[Site "Warsaw"]
[Date "2022.07.09"]
[Round "1.6"]
[White "Raczek, Krzysztof"]
[Black "Hertlein, Irena"]
[Result "1-0"]
[ECO "A06"]
[WhiteElo "2114"]
[BlackElo "1850"]
[Annotator "RC"]
[PlyCount "105"]
[EventDate "2022.07.09"]
[EventType "swiss"]
[EventCountry "POL"]
[SourceTitle "playchess.com"]
[Source "ChessBase"]
[SourceQuality "1"]
[TimeControl "40/5400+30:1800+30"]

1. Nf3 d5 2. b3 e6 3. Bb2 c5 4. e3 Nf6 5. Be2 Nc6 6. O-O Be7 7. c4 d4 8. exd4 cxd4 9. Re1 O-O 10. Bf1 Re8 11. d3 Bc5 12. Nbd2 e5 13. g3 h6 14. Nh4 Nh7 15. Bg2 Ng5 16. Ne4 Bf8 17. Qh5 Bd7 18. Nxg5 Qxg5 19. Qe2 Rad8 20. a3 a5 21. Reb1 Bd6 22. Bc1 Qe7 23. Be4 Bh3 24. Qh5 Qe6 25. Nf5 Bxf5 26. Bxf5 g6 27. Bxe6 gxh5 28. Bd5 Kg7 29. Be4 Rf8 30. Bd2 f5 31. Bf3 Kg6 32. b4 axb4 33. axb4 Ra8 34. b5 Rxa1 35. Rxa1 Nd8 36. Bd5 b6 37. f4 Nf7 38. Kf2 h4 39. Kf3 hxg3 40. hxg3 h5 41. Ra6 Rb8 42. Bxf7+ Kxf7 43. fxe5 Bxe5 44. Bf4 Bxf4 45. Kxf4 Ke7 46. Ke5 Rb7 47. Ra8 Kf7 48. Kxd4 Kf6 49. c5 Rd7+ 50. Kc4 bxc5 51. b6 Rd4+ 52. Kxc5 Rxd3 53. b7 1-0

[Event "Najdorf Memorial-A 2022"]
[Site "Warsaw"]
[Date "2022.07.09"]
[Round "1.6"]
[White "Polak, Michal"]
[Black "Sriram, Jha"]
[Result "1-0"]
[ECO "B38"]
[WhiteElo "1944"]
[BlackElo "2361"]
[Annotator "RC"]
[PlyCount "111"]
[EventDate "2022.07.09"]
[EventType "swiss"]
[EventCountry "POL"]
[SourceTitle "playchess.com"]
[Source "ChessBase"]
[SourceQuality "1"]
[TimeControl "40/5400+30:1800+30"]

1. e4 c5 2. Nf3 Nc6 3. d4 cxd4 4. Nxd4 g6 5. c4 Bg7 6. Be3 Qb6 7. Nb3 Qd8 8. Nd4 Nf6 9. Nc3 d6 10. Be2 O-O 11. O-O Bd7 12. Qd2 Nxd4 13. Bxd4 Bc6 14. f3 a5 15. b3 Nd7 16. Bf2 Nc5 17. Rab1 e6 18. Rfd1 Be5 19. Nb5 Bxb5 20. cxb5 Qe7 21. Qe3 Rac8 22. Rbc1 b6 23. g3 Bg7 24. Rd2 f5 25. exf5 Rxf5 26. f4 g5 27. Bg4 gxf4 28. gxf4 Rff8 29. Rxc5 Rxc5 30. Qxe6+ Qxe6 31. Bxe6+ Kh8 32. Bxc5 dxc5 33. f5 Bd4+ 34. Kg2 Kg7 35. Kf3 Kf6 36. Ke4 Rd8 37. Rd3 Rd6 38. Rh3 Kg7 39. Rg3+ Kf6 40. Rg8 Bb2 41. Bd5 Ke7 42. Rb8 Rh6 43. Rb7+ Kd8 44. Bg8 Rxh2 45. Rxb6 h5 46. Rh6 Re2+ 47. Kf3 Re3+ 48. Kxe3 Bc1+ 49. Ke4 Bxh6 50. Kd5 Be3 51. Kc6 Bd4 52. a4 h4 53. Bd5 h3 54. b6 Kc8 55. b7+ Kb8 56. Kd7 1-0

[Event "Najdorf Memorial-A 2022"]
[Site "Warsaw"]
[Date "2022.07.09"]
[Round "1.7"]
[White "Sacharewicz, Krzysztof"]
[Black "Szewczyk, Mariusz"]
[Result "1/2-1/2"]
[ECO "D43"]
[WhiteElo "1832"]
[BlackElo "2103"]
[Annotator "NA RC"]
[PlyCount "108"]
[EventDate "2022.07.09"]
[EventType "swiss"]
[EventCountry "POL"]
[SourceTitle "playchess.com"]
[Source "ChessBase"]
[SourceQuality "1"]
[TimeControl "40/5400+30:1800+30"]

1. d4 d5 2. Nf3 Nf6 3. c4 c6 4. Nc3 e6 5. Bg5 Be7 6. e3 O-O 7. Bd3 Nbd7 8. O-O dxc4 9. Bxc4 b5 10. Bd3 a6 11. Rc1 c5 12. Bb1 c4 13. Ne4 Bb7 14. Nxf6+ Bxf6 15. Bf4 Qe7 16. Nd2 e5 17. dxe5 Nxe5 18. Ne4 Bxe4 19. Bxe4 Rad8 20. Qe2 Nd7 21. Bb1 Nc5 22. Rcd1 Na4 23. Qc2 g6 24. Rxd8 Rxd8 25. b3 cxb3 26. axb3 Nc3 27. Bg3 b4 28. e4 Rd4 29. f3 Qd8 30. Be1 Rd7 31. f4 Bd4+ 32. Kh1 Bg7 33. Kg1 Qb6+ 34. Bf2 Bd4 35. h3 Bxf2+ 36. Qxf2 Qxf2+ 37. Kxf2 Rd2+ 38. Kf3 a5 39. f5 f6 40. fxg6 hxg6 41. g4 Kg7 42. Ke3 Rb2 43. Bd3 Rxb3 44. g5 fxg5 45. e5 Nd5+ 46. Kd4 Nf4 47. Bc4 Rxh3 48. Rg1 b3 49. Kc5 Re3 50. Kd6 a4 51. e6 Nxe6 52. Bxe6 Rxe6+ 53. Kxe6 b2 54. Kd5 a3 1/2-1/2

[Event "Najdorf Memorial-A 2022"]
[Site "Warsaw"]
[Date "2022.07.09"]
[Round "1.8"]
[White "Vanduyfhuys, Daria"]
[Black "Pesko, Tomasz"]
[Result "1/2-1/2"]
[ECO "E98"]
[WhiteElo "2094"]
[BlackElo "1830"]
[Annotator "RC"]
[PlyCount "235"]
[EventDate "2022.07.09"]
[EventType "swiss"]
[EventCountry "POL"]
[SourceTitle "playchess.com"]
[Source "ChessBase"]
[SourceQuality "1"]
[TimeControl "40/5400+30:1800+30"]

1. d4 Nf6 2. c4 g6 3. Nc3 Bg7 4. e4 d6 5. Be2 O-O 6. Nf3 e5 7. O-O Nc6 8. d5 Ne7 9. Ne1 Ne8 10. Nd3 f5 11. f3 f4 12. c5 g5 13. a4 Ng6 14. a5 Rf7 15. c6 bxc6 16. dxc6 Be6 17. Nb4 h5 18. Ncd5 Ne7 19. h3 Nf6 20. Nxf6+ Rxf6 21. Ra3 Rg6 22. Bd2 Qe8 23. Be1 Qf7 24. Qc2 d5 25. exd5 Nxd5 26. Bd3 Rh6 27. Nxd5 Bxd5 28. Be4 Rxc6 29. Rc3 Rxc3 30. Bxc3 Bxe4 31. Qxe4 Rd8 32. Re1 Rd5 33. Qb4 c5 34. Qb8+ Kh7 35. Bxe5 Rd7 36. Bxg7 Qxg7 37. Qe5 Qxe5 38. Rxe5 Kg6 39. Rxc5 Rd1+ 40. Kh2 h4 41. b4 Rb1 42. b5 Kf6 43. a6 Kg6 44. Rc6+ Kg7 45. Rc7+ Kg6 46. Rb7 Kh6 47. Rb8 Ra1 48. Rb7 Rb1 49. Rxa7 Rxb5 50. Kg1 Ra5 51. Ra8 Kg7 52. Kf1 Ra1+ 53. Ke2 Ra2+ 54. Kd3 Rxg2 55. Ke4 Ra2 56. Kf5 Ra5+ 57. Kg4 Ra3 58. a7 Ra5 59. Re8 Rxa7 60. Re5 Ra1 61. Rxg5+ Kh6 62. Rf5 Rg1+ 63. Kxh4 Rg2 64. Rxf4 Rg1 65. Rg4 Rf1 66. Kg3 Ra1 67. Re4 Rh1 68. h4 Kh5 69. Re5+ Kh6 70. Kg4 Rg1+ 71. Kf4 Rh1 72. h5 Rh4+ 73. Ke3 Rh3 74. Ke4 Rh1 75. f4 Rh4 76. Rd5 Rh1 77. Kd4 Rf1 78. Rf5 Re1 79. Re5 Ra1 80. Ke4 Ra4+ 81. Kf3 Ra1 82. Rf5 Rb1 83. Rd5 Rf1+ 84. Ke4 Re1+ 85. Kd4 Re2 86. Re5 Rd2+ 87. Ke4 Rd1 88. Rg5 Ra1 89. Kf5 Ra5+ 90. Kg4 Ra6 91. Re5 Rb6 92. Re4 Ra6 93. f5 Ra1 94. Re6+ Kg7 95. h6+ Kf7 96. Re3 Rg1+ 97. Rg3 Rh1 98. Kg5 Rh2 99. Rg1 Rh3 100. Ra1 Rg3+ 101. Kf4 Rh3 102. Kg5 Rg3+ 103. Kh4 Rg2 104. Ra3 Rh2+ 105. Rh3 Rg2 106. h7 Kg7 107. Rg3+ Rxg3 108. Kxg3 Kxh7 109. Kf4 Kg7 110. Ke5 Kf7 111. Ke4 Kf6 112. Kf4 Kf7 113. Kg5 Kg7 114. f6+ Kf7 115. Kf5 Kf8 116. Ke6 Ke8 117. f7+ Kf8 118. Kf6 1/2-1/2

[Event "Najdorf Memorial-A 2022"]
[Site "Warsaw"]
[Date "2022.07.09"]
[Round "1.8"]
[White "Wadelek, Karol"]
[Black "Deszczynski, Adam"]
[Result "0-1"]
[ECO "E91"]
[WhiteElo "1944"]
[BlackElo "2321"]
[Annotator "RC"]
[PlyCount "87"]
[EventDate "2022.07.09"]
[EventType "swiss"]
[EventCountry "POL"]
[SourceTitle "playchess.com"]
[Source "ChessBase"]
[SourceQuality "1"]
[TimeControl "40/5400+30:1800+30"]

1. d4 Nf6 2. Nf3 g6 3. c4 Bg7 4. Nc3 O-O 5. e4 d6 6. Be2 Na6 7. Bg5 c6 8. O-O h6 9. Bh4 g5 10. Bg3 Nh5 11. Qd2 Nxg3 12. hxg3 e5 13. dxe5 dxe5 14. Qe3 Qe7 15. Rad1 Nc5 16. Nh2 Ne6 17. Bg4 Nd4 18. Bxc8 Rfxc8 19. g4 Qb4 20. Rd2 Qxc4 21. Rfd1 Rd8 22. Nf1 Rd7 23. Ng3 Rad8 24. Kh1 a5 25. Nf5 Nxf5 26. gxf5 Rd4 27. f3 a4 28. a3 Qb3 29. Qe1 Bf6 30. Rxd4 exd4 31. Ne2 d3 32. Nc1 Qxb2 33. Rxd3 Rxd3 34. Nxd3 Qa1 35. Qxa1 Bxa1 36. Kg1 c5 37. Kf1 c4 38. Ne1 Bb2 39. Nc2 h5 40. Ke2 Kg7 41. Ne3 b5 42. Nd5 Bxa3 43. Nc3 Bb2 44. Ke1 0-1

[Event "Najdorf Memorial-A 2022"]
[Site "Warsaw"]
[Date "2022.07.09"]
[Round "1.9"]
[White "Danielyan, Vahe"]
[Black "Ratajczak, Hubert"]
[Result "1/2-1/2"]
[ECO "B51"]
[WhiteElo "2295"]
[BlackElo "1943"]
[Annotator "RC"]
[PlyCount "80"]
[EventDate "2022.07.09"]
[EventType "swiss"]
[EventCountry "POL"]
[SourceTitle "playchess.com"]
[Source "ChessBase"]
[SourceQuality "1"]
[TimeControl "40/5400+30:1800+30"]

1. e4 c5 2. Nf3 d6 3. Bb5+ Nd7 4. Ba4 Ngf6 5. O-O g6 6. Re1 Bg7 7. c3 O-O 8. d4 a6 9. h3 b5 10. Bc2 Bb7 11. a4 Qc7 12. d5 e6 13. axb5 axb5 14. Rxa8 Rxa8 15. dxe6 fxe6 16. Na3 Bc6 17. Ng5 Re8 18. f4 h6 19. Nf3 e5 20. Nh4 Kh7 21. f5 g5 22. Nf3 b4 23. Nc4 d5 24. exd5 Bxd5 25. Nfd2 e4 26. Ne3 Bc6 27. Ndc4 Ne5 28. Nxe5 Qxe5 29. c4 Re7 30. Qe2 Qg3 31. b3 Ra7 32. Qf2 Qxf2+ 33. Kxf2 Ra2 34. Re2 Nh5 35. g3 Be5 36. Nf1 Ra1 37. Re1 Ra2 38. Re2 Ra1 39. Re1 Ra2 40. Re2 Ra1 1/2-1/2

[Event "Najdorf Memorial-A 2022"]
[Site "Warsaw"]
[Date "2022.07.09"]
[Round "1.9"]
[White "Haliniak, Wojciech"]
[Black "Janeczko, Jakub"]
[Result "1/2-1/2"]
[ECO "A03"]
[WhiteElo "1827"]
[BlackElo "2080"]
[Annotator "NA RC"]
[PlyCount "57"]
[EventDate "2022.07.09"]
[EventType "swiss"]
[EventCountry "POL"]
[SourceTitle "playchess.com"]
[Source "ChessBase"]
[SourceQuality "1"]
[TimeControl "40/5400+30:1800+30"]

1. f4 d5 2. Nf3 c5 3. e3 g6 4. d4 Bg7 5. c3 Nf6 6. Bd3 cxd4 7. exd4 Nc6 8. O-O Bf5 9. Bxf5 gxf5 10. b3 Ne4 11. Ne5 h5 12. Bb2 Rc8 13. Nd2 Nxc3 14. Bxc3 Nxe5 15. fxe5 Rxc3 16. Rxf5 Qb6 17. Nf3 e6 18. Qe1 Rd3 19. Qf1 Rxd4 20. Nxd4 Bxe5 21. Re1 Qxd4+ 22. Rf2 h4 23. Qb5+ Kf8 24. Qd7 Bxh2+ 25. Kxh2 Qxf2 26. Qd8+ Kg7 27. Qg5+ Kh7 28. Qh5+ Kg7 29. Qg5+ 1/2-1/2

[Event "Najdorf Memorial-A 2022"]
[Site "Warsaw"]
[Date "2022.07.09"]
[Round "1.10"]
[White "Praczukowski, Stanislaw"]
[Black "Lee, Hyo"]
[Result "1-0"]
[ECO "E97"]
[WhiteElo "2055"]
[BlackElo "1818"]
[Annotator "NA RC"]
[PlyCount "56"]
[EventDate "2022.07.09"]
[EventType "swiss"]
[EventCountry "POL"]
[SourceTitle "playchess.com"]
[Source "ChessBase"]
[SourceQuality "1"]
[TimeControl "40/5400+30:1800+30"]

1. d4 Nf6 2. c4 g6 3. Nc3 Bg7 4. e4 d6 5. Nf3 O-O 6. Be2 e5 7. O-O Nc6 8. dxe5 dxe5 9. Bg5 Bg4 10. Qxd8 Raxd8 11. Nd5 Rd6 12. Bxf6 Bxf6 13. c5 Rxd5 14. exd5 Nb4 15. h3 Bf5 16. Rad1 Nxa2 17. Ra1 Nb4 18. Rxa7 Nxd5 19. Rxb7 e4 20. Nd2 e3 21. fxe3 Nxe3 22. Rf3 Nd5 23. Bc4 Bd4+ 24. Kh1 Rd8 25. g4 Be6 26. Ne4 h6 27. b3 Ra8 28. Rf1 Ra4 1-0

[Event "Najdorf Memorial-A 2022"]
[Site "Warsaw"]
[Date "2022.07.09"]
[Round "1.10"]
[White "Szwaj, Jacek"]
[Black "Chomczyk, Marek"]
[Result "0-1"]
[ECO "A05"]
[WhiteElo "1938"]
[BlackElo "2290"]
[Annotator "RC"]
[PlyCount "92"]
[EventDate "2022.07.09"]
[EventType "swiss"]
[EventCountry "POL"]
[SourceTitle "playchess.com"]
[Source "ChessBase"]
[SourceQuality "1"]
[TimeControl "40/5400+30:1800+30"]

1. Nf3 Nf6 2. g3 g6 3. b3 Bg7 4. Bb2 O-O 5. Bg2 c5 6. c4 Nc6 7. O-O d6 8. d4 Ne4 9. Nc3 Nxc3 10. Bxc3 Bg4 11. e3 cxd4 12. exd4 Qb6 13. Qd3 Bxf3 14. Bxf3 Nxd4 15. Bxd4 Bxd4 16. Bxb7 Rab8 17. Rad1 Bxf2+ 18. Rxf2 Rxb7 19. Qe4 Rc7 20. h4 Qb7 21. Qf4 Rc5 22. g4 Re5 23. Kh2 Qe4 24. Qg3 Qe3 25. Qxe3 Rxe3 26. Rd5 Rc8 27. Ra5 Rc7 28. Kg2 Kg7 29. g5 Rd3 30. Rf3 Rd4 31. Kg3 e6 32. a3 h6 33. Re3 hxg5 34. hxg5 Rc5 35. Rxc5 dxc5 36. Kf3 Kf8 37. Re5 Rd3+ 38. Re3 Rxe3+ 39. Kxe3 Ke7 40. b4 cxb4 41. axb4 f6 42. Kf4 fxg5+ 43. Kxg5 e5 44. c5 a6 45. Kg4 Kd7 46. Kf3 g5 0-1